 Dungeon Crawl Stone Soup version 0.27-a0-1501-g9d6fb14e67 (webtiles) character file.

Game seed: 7303180530952178156

7 Lekart the Skirmisher (level 1, -7/17 HPs)
             Began as a Draconian Chaos Knight on July 8, 2021.
             Was a Plaything of Xom.
             Mangled by an iron imp (8 damage)
             ... summoned by Xom
             ... on level 1 of the Dungeon.
             The game lasted 00:00:16 (254 turns).

Lekart the Skirmisher (Draconian Chaos Knight)       Turns: 254, Time: 00:00:16

Health: -7/17      AC:  4    Str: 14    XL:     1   Next: 91%
Magic:  1/1        EV: 12    Int: 12    God:    Xom [......]
Gold:   15         SH:  0    Dex: 10    Spells: 0/0 levels left

rFire    . . .     SeeInvis .   a - +0 falchion (chaos)
rCold    . . .     Faith    .   (no shield)
rNeg     . . .     Spirit   .   (armour unavailable)
rPois    .         Reflect  .   (helmet restricted)
rElec    .         Harm     .   (no cloak)
rCorr    .         Rampage  .   (no gloves)
Will     .....                  (no boots)
Stlth    +.........             (no amulet)
HPRegen  0.05/turn              (no ring)
MPRegen  0.07/turn              (no ring)

@: no status effects
A: AC +4, unfitting armour, cold-blooded, frail 1
a: Renounce Religion


You were on level 1 of the Dungeon.
You worshipped Xom.
You were a very special plaything of Xom.
You visited 1 branch of the dungeon, and saw 1 of its levels.

You collected 15 gold pieces.

Inventory:

Hand Weapons
 a - a +0 falchion of chaos (weapon)
Scrolls
 b - a scroll of identify {unknown}


   Skills:
 + Level 3.4 Fighting
 + Level 3.1 Long Blades
 + Level 2.2 Dodging
 * Level 0.3 Spellcasting


You couldn't memorise any spells.
You didn't know any spells.
Your spell library contained the following spells:

 Spells                   Type           Power      Damage    Failure   Level
 Passwall                 Tmut/Erth      0%         N/A       43%         2
 Swiftness                Air            0%         N/A       67%         3
 Invisibility             Hex            0%         N/A       100%        6


Dungeon Overview and Level Annotations

Branches:
Dungeon (1/15)

Altars:


Innate Abilities, Weirdness & Mutations

Your plain brown scales are hard. (AC +4)
You cannot fit into any form of body armour.
You are cold-blooded and may be slowed by cold attacks.
You are frail. (-10% HP)


Message History

The kobold is severely wounded.
The kobold hits you but does no damage.
A kobold is nearby!
You closely miss the kobold. You tail-slap the kobold.
You kill the kobold! "Let's try an experiment, hmmm?"
A monocle briefly appears over your left eye.
You are now a very special plaything of Xom.
No target in view!
Xom's power brushes against you for a moment.
Your body is suffused with distortional energy.
You feel frail.
Found a short runed staff.
Things that are here:
a +0 dagger; 2 stones No target in view!
You now have 15 gold pieces.
Found a tower shield.
No target in view! "Let's see if it's strong enough to survive yet."
An iron imp is nearby!
You hit the iron imp but do no damage.
The iron imp flickers and vanishes!
Deactivating autopickup; reactivate with Ctrl-A.
Your tail-slap misses something.
Something hits you.
There is a strange disturbance nearby!
No target in view!
There is a strange disturbance nearby!
No target in view!
No target in view!
No target in view!
You closely miss something. Something hits you.
You barely miss something. Something hits you but does no damage.
You miss something. Something hits you.
A shower of butterflies erupts from you!
You hit something.
Xom thinks this is hilarious!
Nothing appears to happen.
Something hits you.
* * * LOW HITPOINT WARNING * * *
You closely miss something. Something hits you!
You die...

.....###
#.#.#.#
.....#
.....#
#.....#
#....# .b..#
#.....#
.#...# ....#
#.#.#.#
..#..# ...
#.....#
...#.# ...
#.....#
....## #.#
#.#.#.# #{#
#.....#
#@####.....#
#bb.b#.#.#.#
####.#.....#
#.#.....#
#....[..#
#########


There were no monsters in sight!

Vanquished Creatures
  A dart slug (D:1)
  A goblin (D:1)
  A quokka (D:1)
  A bat (D:1)
  A frilled lizard (D:1)
  A kobold (D:1)
6 creatures vanquished.

Notes
Turn   | Place    | Note
-------+----------+-------------------------------------------
     0 | D:1      | Lekart the Draconian Chaos Knight began the quest for the
                  | Orb.
     0 | D:1      | Reached XP level 1. HP: 19/19 MP: 1/1
   191 | D:1      | XOM: silly message
   217 | D:1      | XOM: give mutation
   217 | D:1      | Gained mutation: You are frail. (-10% HP) [Xom's mischief]
   247 | D:1      | XOM: summons 1 hostile demon
   248 | D:1      | Noticed an iron imp
   252 | D:1      | XOM: butterfly on damage
   254 | D:1      | Mangled by an iron imp

Illustrated notes

Levels and vault maps discovered:
D:1:      matt_arrival_diagonals, layout_basic, columned_hall_lemuel,
          serial_bayou_lagoon_a

Action                   || total
-------------------------++-------
Melee: Falchion          ||    24
       Tailslap          ||     2
Armor: Skin              ||     8
Dodge: Dodged            ||    13
       Rpst.: Falchion   ||     5

Table legend: (Time is in decaauts)
 A = Elapsed time spent in this place.
 B = Non-inter-level travel time spent in this place.
 C = Inter-level travel time spent in this place.
 D = Time resting spent in this place.
 E = Time spent auto-exploring this place.
 F = Levels seen in this place.
 G = Mean time per level.
                   A        B        C        D        E       F      G
               +--------+--------+--------+--------+--------+-----+--------+
         Total |    257 |    257 |      0 |      0 |    202 |   1 |  257.0 |
       Dungeon |    257 |    257 |      0 |      0 |    202 |   1 |  257.0 |
               +--------+--------+--------+--------+--------+-----+--------+

Top non-repeatable levels by time:
     D:1: 257 daAuts
